 Dungeon Crawl Stone Soup version 0.30-a0-639-g3916f1956a (webtiles) character file.

Game seed: 18334787602544467229

43176 arthad the Summoner (level 13, -10/59 HPs)
             Began as a Felid Summoner on Jan 15, 2023.
             Was an Initiate of Gozag.
             Mangled by a catoblepas (26 damage)
             ... on level 5 of the Lair of Beasts on Jan 16, 2023.
             The game lasted 01:33:31 (20057 turns).

arthad the Summoner (Felid Summoner)               Turns: 20057, Time: 01:33:32

Health: -10/59     AC:  3    Str:  4    XL:     13   Next: 89%
Magic:  12/29      EV: 29    Int: 22    God:    Gozag
Gold:   2124       SH:  0    Dex: 16    Spells: 19/35 levels left
                                        Lives:  0   Deaths: 3

rFire   . . .      SeeInvis +      - Unarmed
rCold   + . .      Faith    .    (shield unavailable)
rNeg    . . .      Spirit   .    (body armour unavailable)
rPois   .          Reflect  .    (helmet unavailable)
rElec   .          Harm     .    (cloak unavailable)
rCorr   .          Rampage  .    (gloves unavailable)
Will    ++...                    (boots unavailable)
Stlth   +                        I - amulet of magic regeneration
HPRegen 0.29/turn                N - +5 ring of evasion
MPRegen 0.61/turn                j - ring of willpower

@: very slow
A: very small, claws 1, fangs 3, see invisible, speed 1, shaggy fur 3, stealthy
paws, no weapons or thrown items, no armour, multi-lived
a: Renounce Religion, Potion Petition, Call Merchant, Bribe Branch


You were on level 5 of the Lair of Beasts.
You worshipped Gozag.
Gozag was most pleased with you.
You visited 3 branches of the dungeon, and saw 19 of its levels.

You collected 5606 gold pieces.
You spent 221 gold pieces at shops.
You paid 3261 gold pieces to Gozag.

Inventory:

Hand Weapons
 F - the +11 great mace "Faununt" {protect, Will+ Str+6 Dex+3}
   (You found it on level 9 of the Dungeon)

   Str:       It affects your strength (+6).
   Dex:       It affects your dexterity (+3).
   Will:      It increases your willpower.
Jewellery
 j - a ring of willpower (right paw)
 o - a ring of protection from cold
 B - an amulet of the acrobat
 I - an amulet of magic regeneration (around neck)
 J - an amulet of regeneration
 N - a +5 ring of evasion (left paw)
 S - a ring of protection from fire
Wands
 m - a wand of iceblast (19)
 n - a wand of polymorph (3)
 p - a wand of light (12)
 D - a wand of flame (11)
 K - a wand of mindburst (4)
 O - a wand of paralysis (3)
 R - a wand of digging (5)
Scrolls
 d - 3 scrolls of enchant weapon
 e - 3 scrolls of enchant armour
 f - 2 scrolls of torment
 g - 4 scrolls of fear
 i - 2 scrolls of blinking
 k - a scroll of teleportation
 l - 2 scrolls of immolation
 q - 3 scrolls of brand weapon
 t - 5 scrolls of poison
 v - 2 scrolls of identify
 y - 3 scrolls of magic mapping
 C - 3 scrolls of fog
 E - 3 scrolls of vulnerability
 H - a scroll of butterflies {unknown}
 L - 2 scrolls of amnesia {unknown}
Potions
 a - 3 potions of magic
 b - 5 potions of brilliance
 c - 3 potions of might
 h - 5 potions of heal wounds
 r - 5 potions of mutation
 s - 2 potions of haste
 u - 6 potions of attraction
 w - 4 potions of lignification
 x - 2 potions of degeneration
 z - 2 potions of cancellation
 A - 3 potions of flight
 G - 4 potions of curing
 P - 2 potions of resistance
 Q - a potion of ambrosia
Miscellaneous
 M - a phial of floods (inert)


   Skills:
 + Level 8.4 Fighting
 + Level 11.2 Dodging
 - Level 2.6 Stealth
 + Level 4.7 Unarmed Combat
 * Level 11.6 Spellcasting
 - Level 8.4 Hexes
 * Level 14.0 Summonings
 * Level 3.9 Transmutations
 * Level 10.9 Air Magic
 - Level 5.0 Evocations


You had 19 spell levels left.
You knew the following spells:

 Your Spells              Type           Power      Damage    Failure   Level
a - Summon Small Mammal   Summ           100%       N/A       0%          1
b - Call Imp              Summ           65%        N/A       1%          2
c - Call Canine Familiar  Summ           65%        N/A       1%          3
d - Summon Guardian Gole  Hex/Summ       58%        N/A       1%          3
e - Summon Lightning Spi  Summ/Air       61%        N/A       1%          4
f - Tukima's Dance        Hex            49%        N/A       1%          3

Your spell library contained the following spells:

 Spells                   Type           Power      Damage    Failure   Level
 Confusing Touch          Hex            49%        N/A       1%          3
 Apportation              Tloc           24%        N/A       5%          1
 Foxfire                  Conj/Fire      48%        2x1d6     5%          1
 Kiss of Death            Conj/Necr      48%        2d9       5%          1
 Blade Hands              Tmut           15%        N/A       28%         5
 Dispel Undead            Necr           12%        3d9       45%         4
 Alistair's Intoxication  Tmut/Pois      14%        N/A       54%         5
 Ignition                 Fire           6%         3d4       100%        8
 Portal Projectile        Hex/Tloc       Unusable   N/A       N/A         3
 Simulacrum               Ice/Necr       Unusable   N/A       N/A         6

Dungeon Overview and Level Annotations

Branches:
Dungeon (13/15)            Temple (1/1) D:4            Lair (5/5) D:8
 Shoals (0/4) Lair:2        Snake (0/4) Lair:3        Slime (0/5) Lair:5
    Orc (0/2) D:11
 Vaults: D:13-14

Altars:
Ashenzari
Cheibriados
Dithmenos
Elyvilon
Fedhas
Gozag
Hepliaklqana
Kikubaaqudgha
Makhleb
Nemelex Xobeh
Okawaru
Qazlal
Ru
Sif Muna
Trog
Uskayaw
Vehumet
Wu Jian
Xom
Yredelemnul
Zin
The Shining One
Jiyva

Shops:
D:2 :   D:6 !   D:9 (   Lair:2 =::=


Innate Abilities, Weirdness & Mutations

You have sharp claws.
You have razor-sharp teeth.
You have supernaturally acute eyesight. (SInv)
You cover ground quickly. (Speed+)
Your thick and shaggy fur keeps you warm. (AC +3, rC+)
Your paws help you pounce on unaware monsters.
You are incapable of wielding weapons or throwing items.
You cannot wear armour.
You gain extra lives every three experience levels.


Message History

r - Retreat! s - Stop attacking. g - Guard the area. f - Follow me.
Anything else - Cancel.
Gang up on whom?
Press: ? - help, Dir - move target, f - catoblepas
Aim: a catoblepas (calcifying dust)
Okay, then.
Okay, then.
Unknown command.
Unknown command.
Casting: Summon Lightning Spire (safe; 1% risk of failure)
Confirm with . or Enter, or press ? or * to list all spells.
Your warg disappears in a puff of smoke!
Your lightning spire shoots out a bolt of lightning at the death yak!
The bolt of electricity hits the death yak!
Casting: Call Canine Familiar (safe; 1% risk of failure)
Confirm with . or Enter, or press ? or * to list all spells.
Your wolf disappears in a puff of smoke!
The death yak is no longer petrified.
The death yak is engulfed in calcifying dust.
The death yak is moving more slowly.
The catoblepas gores you!!
* * * LOW HITPOINT WARNING * * *
Your lightning spire shoots out a bolt of lightning at the death yak!
The bolt of electricity hits the death yak!
An elephant comes into view.
Your warg bites the death yak but does no damage.
Aim the phial where?
Press: ? - help, Shift-Dir - straight line, f - catoblepas
Aim: a catoblepas (ally target)
The torrent of water hits the catoblepas!
The catoblepas is lightly wounded.
The wave splashes down.
Splash!
You fall into the shallow water.
Moving in this stuff is going to be slow.
The death yak is engulfed in water. x2; The catoblepas is engulfed in water.
The elephant trumpets!
You hear a trumpeting! x3
The death yak is no longer petrified.
The catoblepas gores you!!
You die...
Your body crumbles into a pile of gold.

#...# #.#.
#.♣.#....#....
#P..#.......8.
##..##.....÷.
##..#..Y... .
##.#÷.§.### .Y.
##..Y÷.##.♣...♣
#P.98Y##~.....#
#...hYY@§...#
##...########
#.### ###


You could see 3 death yaks, a catoblepas (unsilenced, waterlogged, ally target),
an elephant, a friendly guardian golem (summoned, petrified), a friendly warg
(summoned, sheltered) and a friendly lightning spire (summoned, sheltered).

Vanquished Creatures
  A merfolk siren (Lair:2)
  3 blink frogs (Lair:2)
  12 yaks
  An electric eel (Lair:4)
  3 crimson imps (D:4)
  A gnoll bouda (Lair:3)
  2 orc wizards
  An adder (D:3)
  3 gnolls
  A dart slug (D:1)
  2 orcs
  A bat (D:3)
  3 kobolds
34 creatures vanquished.

Vanquished Creatures (collateral kills)
  3 hydras
  A catoblepas (Lair:4)
  3 boulder beetles
  A two-headed ogre (D:11)
  4 skeletal warriors
  An ugly thing (D:12)
  16 elephants
  4 black mambas
  A gargoyle (D:10)
  A freezing wraith (D:12)
  8 cane toads
  4 rime drakes
  6 komodo dragons
  3 merfolk
  A troll (D:9)
  A troll (shapeshifter) (D:11)
  23 blink frogs
  5 polar bears
  A slime creature (D:12)
  2 wyverns
  24 yaks
  2 vampires
  A steam dragon (D:8)
  A vampire mosquito (D:12)
  4 basilisks
  Menkaure (D:7)
  17 water moccasins
  9 orc warriors
  2 sky beasts
  3 black bears (D:8)
  2 ice beasts (D:7)
  8 ogres
  27 wolves
  2 centaurs
  5 kobold brigands
  9 bullfrogs
  2 gnoll sergeants
  A scorpion (D:6)
  9 wights
  6 killer bees
  7 howler monkeys
  A crimson imp (D:4)
  2 hounds (D:6)
  A jelly (D:7)
  9 orc priests
  Crazy Yiuf (D:2)
  3 gnoll boudas
  2 iguanas (D:6)
  12 orc wizards
  14 gnolls
  4 adders
  3 white imps
  A worm (D:5)
  2 dart slugs
  73 orcs
  3 endoplasms
  A giant cockroach (D:2)
  A goblin (D:3)
  6 hobgoblins
  6 quokkas
  9 ball pythons
  3 bats
  4 frilled lizards
  26 kobolds
  6 rats
  A spectral orc (D:10)
425 creatures vanquished.

Vanquished Creatures (others)
  Rupert (D:12)
  A death knight (D:12)
  A two-headed ogre (D:8)
  3 skeletal warriors
  Lodul (D:12)
  A manticore (D:12)
  A cane toad (Lair:5)
  3 elephants
  2 rime drakes
  2 komodo dragons
  3 polar bears
  A merfolk (Lair:2)
  3 blink frogs (Lair:5)
  5 slime creatures (D:12)
  2 dancing weapons
  16 yaks
  2 wraiths
  A wyvern (D:7)
  A vampire mosquito (D:12)
  2 orc warriors
  5 wolves
  A centaur (D:5)
  4 ogres
  2 bullfrogs
  A scorpion (D:4)
  4 wights (D:7)
  A killer bee (D:10)
  An orc wizard (D:5)
  An iguana (D:7)
  2 orcs
  A kobold (D:8)
  A butterfly (D:8)
  88 fungi
  87 plants
251 creatures vanquished.

Grand Total: 710 creatures vanquished

Notes
Turn   | Place    | Note
-------+----------+-------------------------------------------
     0 | D:1      | arthad the Felid Summoner began the quest for the Orb.
     0 | D:1      | Reached XP level 1. HP: 7/7 MP: 4/4
   233 | D:1      | Reached XP level 2. HP: 11/11 MP: 0/6
   867 | D:2      | Learned a level 2 spell: Call Imp
   985 | D:2      | Reached skill level 5 in Summonings
   985 | D:2      | Reached XP level 3. HP: 14/14 MP: 2/7
   989 | D:2      | Learned a level 3 spell: Call Canine Familiar
  1460 | D:2      | Found a runed translucent door.
  1461 | D:2      | Noticed Crazy Yiuf
  1532 | D:2      | Reached skill level 1 in Hexes
  1707 | D:2      | Found Fiomok's Book Shoppe.
  1924 | D:2      | Killed Crazy Yiuf
  1925 | D:2      | Reached XP level 4. HP: 18/18 MP: 0/8
  2314 | D:3      | Found a shimmering blue altar of Sif Muna.
  2647 | D:3      | Reached XP level 5. HP: 21/21 MP: 9/9
  2940 | D:3      | Found a faded altar of an unknown god.
  2947 | D:3      | Learned a level 3 spell: Summon Guardian Golem
  3253 | D:4      | Found a shimmering altar of Xom.
  3269 | D:4      | Reached skill level 6 in Summonings
  3523 | D:4      | Found a staircase to the Ecumenical Temple.
  3563 | Temple   | Entered the Ecumenical Temple
  3653 | Temple   | Became a worshipper of Gozag Ym Sagoz the Greedy
  3692 | D:4      | Gained mutation: You are covered in thick fur. (AC +2)
                  | [Felid growth]
  3692 | D:4      | Reached XP level 6. HP: 24/24 MP: 3/11
  4769 | D:5      | Entered Level 5 of the Dungeon
  4825 | D:5      | Reached skill level 7 in Summonings
  4825 | D:5      | Reached XP level 7. HP: 24/27 MP: 2/13
  5121 | D:5      | Reached skill level 5 in Hexes
  5273 | D:5      | Slain by a gnoll
  5274 | D:5      | Reached XP level 6. HP: -4/24 MP: 5/12
  5621 | D:6      | Noticed an orc warrior
  5633 | D:6      | Killed an orc warrior
  5811 | D:6      | Reached XP level 7. HP: 27/27 MP: 11/14
  5817 | D:6      | Learned a level 4 spell: Summon Lightning Spire
  5852 | D:6      | Found Watsa's Distillery.
  5858 | D:6      | Bought a potion of degeneration for 13 gold pieces
  5858 | D:6      | Bought a potion of heal wounds for 65 gold pieces
  5858 | D:6      | Bought a potion of cancellation for 104 gold pieces
  5858 | D:6      | Bought a potion of flight for 39 gold pieces
  5893 | D:6      | Reached skill level 1 in Air Magic
  5907 | D:6      | Reached skill level 8 in Summonings
  5907 | D:6      | Reached skill level 1 in Evocations
  5913 | D:6      | Reached skill level 1 in Fighting
  5939 | D:6      | Found an iron altar of Okawaru.
  6054 | D:6      | Reached XP level 8. HP: 32/32 MP: 9/15
  6264 | D:6      | Found a stormy altar of Qazlal.
  6774 | D:7      | Reached skill level 5 in Spellcasting
  7206 | D:7      | Reached XP level 9. HP: 37/37 MP: 3/18
  7521 | D:7      | Noticed Menkaure
  7531 | D:7      | Killed Menkaure
  7740 | D:7      | Reached skill level 9 in Summonings
  8029 | D:8      | You fall into a shaft and drop 3 floors!
  8029 | D:11     | Found a staircase to the Orcish Mines.
  8100 | D:11     | Noticed a skeletal warrior
  8100 | D:11     | Noticed a skeletal warrior
  8142 | D:10     | Entered Level 10 of the Dungeon
  8164 | D:10     | Noticed a gargoyle
  8350 | D:10     | Noticed a merfolk
  8363 | D:10     | Killed a merfolk
  8364 | D:10     | Reached skill level 5 in Dodging
  8681 | D:9      | Identified the +11 great mace "Faununt" {protect, Will+
                  | Str+6 Dex+3}
  8705 | D:9      | Noticed a troll
  8712 | D:9      | Killed a troll
  8732 | D:9      | Reached XP level 10. HP: 42/42 MP: 2/20
  8909 | D:9      | Found a glowing golden altar of the Shining One.
  9115 | D:8      | Reached skill level 5 in Air Magic
  9288 | D:8      | Found a staircase to the Lair.
 10074 | D:8      | Noticed a two-headed ogre
 10085 | D:8      | Killed a two-headed ogre
 10086 | D:8      | Reached skill level 10 in Summonings
 10206 | D:8      | Found a white marble altar of Elyvilon.
 10216 | D:8      | Learned a level 3 spell: Tukima's Dance
 10520 | D:9      | Found a glowing silver altar of Zin.
 10823 | D:9      | Found Amosik's Weapon Shoppe.
 11080 | D:9      | Found a burning altar of Makhleb.
 11343 | D:10     | Killed a gargoyle
 11502 | D:10     | Found a basalt altar of Yredelemnul.
 11639 | D:10     | Reached XP level 11. HP: 46/46 MP: 20/23
 11808 | D:11     | Noticed a two-headed ogre
 11836 | D:11     | Killed a two-headed ogre
 11962 | D:11     | Killed a skeletal warrior
 11984 | D:11     | Noticed a skeletal warrior
 11984 | D:11     | Noticed a skeletal warrior
 11984 | D:11     | Noticed a skeletal warrior
 12004 | D:11     | Killed a skeletal warrior
 12006 | D:11     | Killed a skeletal warrior
 12006 | D:11     | Killed a skeletal warrior
 12007 | D:11     | Reached skill level 5 in Fighting
 12028 | D:11     | Killed a skeletal warrior
 12029 | D:11     | Reached skill level 11 in Summonings
 12173 | D:11     | Noticed an entropy weaver
 12184 | D:11     | an entropy weaver changed into a troll
 12447 | D:12     | Noticed a purple ugly thing
 12458 | D:12     | Killed a purple ugly thing
 12549 | D:12     | Noticed a boulder beetle
 12596 | D:12     | Killed a boulder beetle
 12744 | D:12     | Noticed Rupert
 12762 | D:12     | Killed Rupert
 12927 | D:12     | Gained mutation: Your thick and shaggy fur keeps you warm.
                  | (AC +3, rC+) [Felid growth]
 12927 | D:12     | Reached XP level 12. HP: 51/51 MP: 17/25
 12974 | D:12     | Noticed Lodul
 12992 | D:12     | Killed Lodul
 13018 | D:12     | Noticed a death knight
 13033 | D:12     | Killed a death knight
 13115 | D:12     | Noticed a boulder beetle
 13125 | D:12     | Killed a boulder beetle
 13126 | D:12     | Reached skill level 12 in Summonings
 13204 | D:12     | Found an iron altar of Okawaru.
 13696 | D:13     | Noticed a five-headed hydra
 13786 | Lair:1   | Entered Level 1 of the Lair of Beasts
 13828 | Lair:1   | Found a frozen archway.
 14953 | Lair:1   | Reached skill level 10 in Spellcasting
 14972 | Lair:1   | Reached XP level 13. HP: 45/57 MP: 28/28
 15537 | Lair:2   | Slain by a blink frog
 15538 | Lair:2   | Reached XP level 12. HP: -2/53 MP: 16/27
 15538 | Lair:2   | Reached skill level 5 in Evocations
 15538 | Lair:2   | Reached XP level 13. HP: 57/57 MP: 28/28
 15630 | Lair:2   | Found a staircase to the Shoals.
 15766 | Lair:2   | Reached skill level 10 in Dodging
 15766 | Lair:2   | Reached skill level 13 in Summonings
 16356 | Lair:2   | Mangled by a blink frog
 16357 | Lair:2   | Reached XP level 12. HP: -8/54 MP: 24/27
 16512 | Lair:2   | Reached skill level 10 in Air Magic
 16712 | Lair:2   | Upgraded the game from 0.30-a0-634-g8abc85282e to
                  | 0.30-a0-639-g3916f1956a
 16760 | Lair:3   | Noticed a boulder beetle
 16782 | Lair:3   | Killed a boulder beetle
 17506 | Lair:3   | Found a staircase to the Snake Pit.
 17821 | Lair:4   | Found a dark tunnel.
 18032 | Lair:4   | Reached XP level 13. HP: 58/58 MP: 24/29
 18835 | Lair:5   | Entered Level 5 of the Lair of Beasts
 18895 | Lair:5   | Reached skill level 1 in Transmutations
 19041 | Lair:5   | Got Higosysiem's Discursus on Shadowy Kindling
 19128 | Lair:5   | Found a viscous altar of Jiyva.
 19128 | Lair:5   | Found a staircase to the Slime Pits.
 19463 | Lair:5   | Reached skill level 14 in Summonings
 20057 | Lair:5   | Mangled by a catoblepas

Illustrated notes

Levels and vault maps discovered:
D:1:      zelgadis_glass_arrival_small, layout_basic, minmay_misc_feat_iff
D:2:      layout_loops_cross, serial_shops, shop, uniq_crazy_yiuf_cottage
D:3:      layout_loops_corners, led_sif_book,
          shapermc_ecumenical_altar_mp_ritualfount
D:4:      layout_cave_pods, led_xom_imps, minmay_temple_entry_sparse_star,
          reono_crystal_passage
D:5:      layout_cave_pools
D:6:      layout_loops_cross, kennysheep_mini_moat,
          mainiacjoe_overflow_tiny_flanked, serial_shops, shop_fountains,
          hangedman_decor_clover_reticule, st_stairs_9, amcnicky_mini_pool_small
D:7:      layout_cave_pods, uniq_menkaure
D:8:      layout_cave_pools, nicolae_elyvilon_peaceful_grove,
          due_lair_maze_entry_diamond, minmay_tree_intersection,
          kennysheep_generic_room_3
D:9:      layout_basic, kennysheep_mini, nicolae_tso_carved_into_rock,
          zin_statuary, serial_shops, shop, special_room [special_room_orc],
          grunt_decor_fettered
D:10:     layout_cave_pools, yredelemnul_forgotten_temple_becter,
          hangedman_fish_farm
D:11:     layout_roguey [special_room_orc], orc_0_dummy, hangedman_decor_push
D:12:     layout_irregular_city, okawaru_gym_becter, uniq_lodul, uniq_rupert
D:13:     layout_rooms, hangedman_vaults_entry_quadrant_bands
Temple:   dshaligram_water_room_temple
Lair:1:   layout_layer_cave, portal_ice_cave_entry_pillars_1, st_stairs_6
Lair:2:   layout_roguey, elwin_shoals_entry_stream,
          grunt_forest_large_clearing_hut
Lair:3:   layout_regular_city, dummy_snake_entry, dreamdust_gnoll_shepherd,
          grunt_megastairs_1, lemuel_fruit_fields
Lair:4:   layout_loops_ring, nicolae_volcano_entry_lava_flow, serial_rivers,
          chequers_serial_rivers_small_a, chequers_serial_rivers_micro_c,
          chequers_serial_rivers_room_b, chequers_serial_rivers_micro_b,
          gammafunk_lair_bear_cave
Lair:5:   grunt_lair_end_beastmaster, layout_regular_city, slime_entry_1,
          lookout_lair_type, grunt_megastairs_2

Skill      XL: |  1  2  3  4  5  6  7  8  9 10 11 12 13 |
---------------+----------------------------------------+-----
Summonings     | 5 6 7 8 9 10 11 12 14 | 14.0
Hexes          | 1 2 3 4 6 7 8 |  8.4
Spellcasting   | 3 4 5 6 7 8 11 | 11.6
Dodging        | 3 4 5 6 8 9 11 | 11.2
Air Magic      | 1 3 4 6 7 10 | 10.9
Evocations     | 1 2 3 4 5 |  5.0
Fighting       | 1 2 3 4 5 7 8 |  8.4
Unarmed Combat | 2 4 |  4.7
Transmutations | 3 |  3.9
Stealth        | |  2.6

Action                   |  1- 3 |  4- 6 |  7- 9 | 10-12 | 13-15 || total
-------------------------+-------+-------+-------+-------+-------++-------
Melee: Unarmed           |    14 |    44 |    40 |    21 |    10 ||   129
       Bite              |     2 |     5 |     4 |     3 |     2 ||    16
       Punch             |       |       |       |     1 |     1 ||     2
 Cast: Summon Small Mamm |    36 |    28 |    30 |    12 |     6 ||   112
       Call Imp          |     6 |    18 |    16 |    24 |    11 ||    75
       Call Canine Famil |     8 |    24 |    24 |    59 |    29 ||   144
       Summon Guardian G |       |     6 |    20 |    67 |    38 ||   131
       Summon Lightning  |       |       |     7 |    99 |    57 ||   163
       Tukima's Dance    |       |       |       |     4 |       ||     4
Invok: Call Merchant     |       |       |       |     4 |       ||     4
Evoke: Wand              |       |     6 |     4 |     1 |     1 ||    12
       Phial of floods   |       |       |       |     2 |     1 ||     3
  Use: Scroll            |       |     4 |     4 |       |    16 ||    24
       Potion            |       |     1 |     3 |     2 |       ||     6
 Stab: Distracted        |     1 |     2 |     1 |     1 |       ||     5
       Paralysed         |       |       |     1 |       |       ||     1
Armor: Skin              |       |     5 |     4 |     6 |     1 ||    16
Dodge: Dodged            |    19 |    52 |    53 |    89 |   109 ||   322

Table legend: (Time is in decaauts)
 A = Elapsed time spent in this place.
 B = Non-inter-level travel time spent in this place.
 C = Inter-level travel time spent in this place.
 D = Time resting spent in this place.
 E = Time spent auto-exploring this place.
 F = Levels seen in this place.
 G = Mean time per level.
                   A        B        C        D        E       F      G
               +--------+--------+--------+--------+--------+-----+--------+
         Total |  17580 |  17094 |    486 |    239 |  12699 |  19 |  925.3 |
       Dungeon |  12084 |  11729 |    355 |    237 |   8745 |  13 |  929.5 |
        Temple |     78 |     62 |     16 |      0 |     48 |   1 |   78.0 |
          Lair |   5417 |   5302 |    115 |      2 |   3905 |   5 | 1083.4 |
               +--------+--------+--------+--------+--------+-----+--------+

Top non-repeatable levels by time:
     D:4: 1405 daAuts
  Lair:1: 1402 daAuts
     D:8: 1261 daAuts
     D:9: 1216 daAuts
     D:7: 1210 daAuts
  Lair:2: 1157 daAuts
    D:12: 1118 daAuts
     D:2: 1098 daAuts
  Lair:5: 1043 daAuts
     D:3: 976 daAuts
  Lair:4: 918 daAuts
  Lair:3: 895 daAuts
     D:6: 864 daAuts
    D:10: 805 daAuts
     D:5: 724 daAuts
